 Dungeon Crawl Stone Soup version 0.21-a0-630-g344d351 (webtiles) character file.

121 KristoblXynda the Charmwright (level 4, -1/22 HPs)
             Began as a Spriggan Skald on Dec 26, 2017.
             Slain by a gnoll
             ... wielding a +2 spear of venom
              (9 damage)
             ... on level 3 of the Dungeon.
             The game lasted 00:04:26 (3093 turns).

KristoblXynda the Charmwright (Spriggan Skald)      Turns: 3093, Time: 00:04:27

Health: -1/22      AC:  2    Str:  5 (8)  XL:     4   Next: 76%
Magic:  8/10       EV: 19    Int: 18 (19) God:
Gold:   122        SH:  0    Dex: 14 (15) Spells: 3/10 levels left

rFire    . . .     SeeInvis +   p - +2 short sword (venom)
rCold    . . .     Gourm    .   (shield restricted)
rNeg     . . .     Faith    .   m - +0 robe (curse)
rPois    .         Spirit   .   (helmet restricted)
rElec    .         Reflect  .   (no cloak)
rCorr    .         Harm     .   (gloves unavailable)
MR       .....                  (boots unavailable)
Stlth    ++........             (no amulet)
HPRegen  0.07/turn              j - +2 ring of evasion
MPRegen  0.12/turn              (no ring)

@: brilliant, flying, heavily drained, very quick
A: very small, unfitting armour, see invisible, herbivore, speed 3, slow
metabolism 2
a: no special abilities


You were on level 3 of the Dungeon.
You were not hungry.

You visited 1 branch of the dungeon, and saw 3 of its levels.

You collected 122 gold pieces.

Inventory:

Hand Weapons
 k - a +0 short sword of electrocution
 p - a +2 short sword of venom (weapon)
Armour
 m - a cursed +0 robe (worn)
Jewellery
 j - a +2 ring of evasion (left hand)
Scrolls
 b - 3 scrolls of teleportation
 f - 4 scrolls of remove curse {unknown}
 h - a scroll of magic mapping {unknown}
 l - a scroll of enchant weapon {unknown}
 o - a scroll of blinking {unknown}
Potions
 a - a potion of flight
 e - a potion of haste {unknown}
 g - a potion of degeneration
 n - a potion of berserk rage {unknown}
Books
 c - a book of Battle

   Spells                             Type                      Level
   a - Infusion                       Charms                       1
   b - Shroud of Golubria             Charms/Translocation         2
   c - Song of Slaying                Charms                       2
   d - Spectral Weapon                Hexes/Charms                 3
   e - Regeneration                   Charms/Necromancy            3
Comestibles
 d - 5 rations


   Skills:
 - Level 1.5(0.2) Fighting
 + Level 3.4(2.0) Short Blades
 - Level 4.0(2.6) Dodging
 + Level 2.8(1.5) Stealth
 + Level 3.5(2.2) Spellcasting
 + Level 5.6(4.2) Charms


You had 3 spell levels left.
You knew the following spells:

 Your Spells              Type           Power        Failure   Level  Hunger
a - Infusion              Chrm           ####         1%          1    #......
b - Regeneration          Chrm/Necr      ###.......   2%          3    ###....
c - Spectral Weapon       Hex/Chrm       ###.....     2%          3    ###....


Dungeon Overview and Level Annotations

Branches:
Dungeon (3/15)

Altars:
Cheibriados
Trog
Vehumet


Innate Abilities, Weirdness & Mutations

You are very small and have problems with some larger weapons.
You are too small for most types of armour.
You have supernaturally acute eyesight. (SInv)
You are a herbivore.
You cover ground extremely quickly.
You need consume almost no food.


Message History

* * * LOW HITPOINT WARNING * * *
You feel sick.
* * * LOW HITPOINT WARNING * * *
You feel sick.
It was a potion of flight.
You feel very buoyant.
You fly up into the air.
It was a potion of degeneration.
There was something very wrong with that liquid.
You feel weakened.
You feel dopey.
You feel clumsy.
* * * LOW HITPOINT WARNING * * *
You feel sick.
It was a potion of brilliance.
You feel clever all of a sudden. The gnoll closely misses you.
* * * LOW HITPOINT WARNING * * *
You feel sick.
It was a potion of curing.
You feel better.
The gnoll hits you from afar with a spear of venom!
You die...

###### .#.(...## ## ........## ..
#. # .....(.....# # ..##. #
...........###### #...##.##
.....?.....##.g.### ###.#......
..................#####......##.#
)..........#.##g@.........#.##...
...........#.###...#.##.....#...#
.....)....##g###...#..........#.#
.#.g...##.................###.#
#####..†.[##...#######.#.# #..
#####).#......## #..†# ###
#####....[.........######..# ##
#..........................# ##.
##..............##.##.......###..


You could see 2 gnolls.

Vanquished Creatures
  2 gnolls (D:3)
  3 adders (D:3)
  A worm (D:2)
  3 dart slugs
  A leopard gecko (D:3)
  3 orcs (D:3)
  2 ball pythons (D:3)
  9 bats
  3 goblins
  8 hobgoblins
  8 jackals
  5 kobolds
  A quokka (D:3)
  A frilled lizard (D:2)
  7 rats
57 creatures vanquished.

Notes
Turn   | Place    | Note
-------+----------+-------------------------------------------
     0 | D:1      | KristoblXynda the Spriggan Skald began the quest for the Orb.
     0 | D:1      | Reached XP level 1. HP: 10/10 MP: 5/5
   162 | D:1      | Reached XP level 2. HP: 14/14 MP: 6/6
   731 | D:1      | Reached skill level 1 in Stealth
   731 | D:1      | Reached skill level 5 in Charms
  1002 | D:2      | Reached XP level 3. HP: 16/18 MP: 4/8
  1007 | D:2      | Learned a level 3 spell: Regeneration
  1011 | D:2      | Learned a level 3 spell: Spectral Weapon
  1364 | D:2      | Found a radiant altar of Vehumet.
  1367 | D:2      | Found a bloodstained altar of Trog.
  1370 | D:2      | Found a snail-covered altar of Cheibriados.
  2370 | D:3      | Reached XP level 4. HP: 19/22 MP: 5/9
  3093 | D:3      | Slain by a gnoll

Vault maps used:
D:1:      mrwooster_arrival_statue_2, serial_bayou_crossing
D:2:      grunt_temple_overflow_diamond, first_ration, kennysheep_generic_room_6
D:3:      minmay_box_of_dots

Skill      XL: |  1  2  3 |
---------------+----------+-----
Dodging        | 4 |  4.0
Stealth        | 1 2 |  2.8
Charms         | 5 |  5.6
Spellcasting   | 3 |  3.5
Short Blades   | 3 |  3.4
Fighting       | |  1.5

Action                   |  1- 3 |  4- 6 || total
-------------------------+-------+-------++-------
Melee: Short sword       |   151 |    49 ||   200
 Cast: Infusion          |     7 |     3 ||    10
  Use: Scroll            |     1 |       ||     1
       Potion            |       |     4 ||     4
 Stab: Sleeping          |     4 |       ||     4
Armor: Robe              |    16 |     1 ||    17
Dodge: Dodged            |   136 |    55 ||   191

Table legend:
 A = Spawn XP
 B = Non-spawn XP
 C = Spawn XP percentage of total XP
 D = Spawn monster count
 E = Non-spawn monster count
 F = Spawn count percentage of total count
 G = Total turns spent on level
                    A         B        C        D         E        F      G
               +---------+---------+-------+---------+---------+-------+---------
         Total |       0 |     173 |   0.0 |       0 |      57 |   0.0 |  3093
               +---------+---------+-------+---------+---------+-------+---------
           D:1 |       0 |      39 |   0.0 |       0 |      22 |   0.0 |   994
           D:2 |       0 |      30 |   0.0 |       0 |      14 |   0.0 |   927
           D:3 |       0 |     104 |   0.0 |       0 |      21 |   0.0 |  1172
               +---------+---------+-------+---------+---------+-------+---------
